 Dungeon Sprint DCSS version 0.26-a0-1177-g1209ec82b9 (webtiles) character file.

Game seed: 3599115875052373788

448 reriks the Covert (level 6, 0/35 HPs)
             Began as a Spriggan Brigand on Dec 24, 2020.
             Engulfed by a cloud of freezing vapour (13 damage)
             ... in the Dungeon (Sprint II: "The Violet Keep of Menkaure").
             The game lasted 00:01:33 (370 turns).

reriks the Covert (Spriggan Brigand)                 Turns: 370, Time: 00:01:33

Health: 0/35       AC:  3    Str:  7    XL:     6   Next: 73%
Magic:  7/7        EV: 26    Int: 13    God:
Gold:   729        SH:  0    Dex: 19    Spells: 5/5 levels left

rFire    . . .     SeeInvis +   a - +2 dagger
rCold    . . .     Faith    .   (shield restricted)
rNeg     . . .     Spirit   .   b - +0 robe
rPois    .         Reflect  .   (helmet restricted)
rElec    .         Harm     .   c - +0 cloak
rCorr    .         Rampage  .   (gloves unavailable)
Will     +....     NoTele   +   (boots unavailable)
Stlth    +++++.....             (no amulet)
HPRegen  0.11/turn              (no ring)
MPRegen  0.10/turn              (no ring)

@: very quick
A: very small, unfitting armour, see invisible, speed 3
a: no special abilities


You were in the Dungeon.
You visited 1 branch You collected 729 gold pieces.

Inventory:

Hand Weapons
 a - a +2 dagger (weapon)
Missiles
 d - 8 poisoned darts (quivered)
 e - 2 curare-tipped darts
Armour
 b - a +0 robe (worn)
 c - a +0 cloak (worn)
Scrolls
 k - a scroll of blinking
Potions
 f - a potion of curing
 g - a potion of heal wounds
 h - a potion of haste
 i - 2 potions of magic
 j - a potion of berserk rage


   Skills:
 + Level 5.6 Fighting
 + Level 7.4 Short Blades
 + Level 6.8 Throwing
 + Level 9.4 Dodging
 + Level 11.4 Stealth


You had 5 spell levels left.
You didn't know any spells.
Your spell library was empty.

Dungeon Overview and Level Annotations

Branches:
Dungeon (1/1)

Altars:

Shops:
D [?[=!:(!=(!(

Annotations:
D exclusion: oklob plant


Innate Abilities, Weirdness & Mutations

You are very small and have problems with some larger weapons.
You are too small for most types of armour.
You have supernaturally acute eyesight. (SInv)
You cover ground extremely quickly.


Message History

There is an open gate here.
The ice statue gestures at you. The shard of ice misses you.
The ice statue gestures at you. The bolt of cold misses you.
You hit the ice statue but do no damage.
You hit the ice statue.
The ice statue is lightly damaged.
You hit the ice statue but do no damage.
The ice statue is lightly damaged.
You are engulfed in freezing vapours.
You hit the ice statue but do no damage.
The ice statue is lightly damaged.
You are engulfed in freezing vapours.
The ice statue gestures at you. The shard of ice misses you.
You hit the ice statue but do no damage.
The ice statue is lightly damaged.
You are engulfed in freezing vapours.
You die...

▓▓▓▓▓###≈##.###+###†##..
YY######≈≈#####..####≈≈.
Y$ ##≈≈≈#.##..#≈§≈≈≈ P
#+#≈##.#.##≈§§§§
#≈≈##'##≈§≈§§§
##≈≈≈≈≈≈≈§≈≈≈§
#'''#°''#≈≈≈ ##○..°°°°##
#°.○○@°..○#
+.°°.○8°○°°.+
##°°.°°°°☼.##
##.○○°°°○## ####+####


You could see an ice statue.

Vanquished Creatures
  4 necrophages (D)
  4 worker ants (D)
  3 worms (D)
11 creatures vanquished.

Vanquished Creatures (others)
  Menkaure (D)
1 creature vanquished.

Grand Total: 12 creatures vanquished

Notes
Turn   | Place    | Note
-------+----------+-------------------------------------------
     0 | D        | reriks the Spriggan Brigand began the quest for the Orb.
     0 | D        | Reached XP level 1. HP: 10/10 MP: 2/2
     1 | D        | Noticed a necrophage
     1 | D        | Noticed a necrophage
     1 | D        | Noticed a necrophage
     1 | D        | Noticed a necrophage
     4 | D        | Killed a necrophage
     5 | D        | Reached skill level 5 in Dodging
     5 | D        | Reached skill level 8 in Stealth
     5 | D        | Reached XP level 2. HP: 16/16 MP: 3/3
     5 | D        | Reached XP level 3. HP: 20/20 MP: 4/4
     5 | D        | Reached XP level 4. HP: 24/24 MP: 5/5
     5 | D        | Killed a necrophage
     6 | D        | Reached skill level 5 in Short Blades
     6 | D        | Reached skill level 5 in Throwing
     6 | D        | Reached skill level 9 in Stealth
     6 | D        | Reached XP level 5. HP: 29/29 MP: 6/6
     8 | D        | Killed a necrophage
     9 | D        | Reached skill level 10 in Stealth
    33 | D        | Killed a necrophage
    34 | D        | Reached skill level 5 in Fighting
    34 | D        | Reached XP level 6. HP: 29/35 MP: 7/7
   101 | D        | Reached skill level 11 in Stealth
   126 | D        | Noticed a boulder beetle
   126 | D        | Noticed a boulder beetle
   132 | D        | Found Fairacur's Antique Weapon Shop.
   132 | D        | Found Wajestras's Weapon Boutique.
   132 | D        | Found Oqajoirph's Antique Weapon Shop.
   132 | D        | Found Hatz's Jewellery Boutique.
   132 | D        | Found Fiadi's Distillery.
   133 | D        | Found Qig Ydycw's Distillery.
   133 | D        | Found Leinweaf's Book Boutique.
   133 | D        | Found Socsasia's Distillery.
   134 | D        | Found Daawyorph's Jewellery Shop.
   134 | D        | Found Ilokkech's Antique Armour Boutique.
   134 | D        | Noticed a yak
   137 | D        | Found Duth's Magic Scroll Boutique.
   137 | D        | Found Irytyts's Antique Armour Shop.
   137 | D        | Noticed Menkaure
   137 | D        | Noticed a yak
   137 | D        | Noticed a yak
   137 | D        | Noticed an oklob plant
   145 | D        | Noticed an ice statue
   261 | D        | Killed Menkaure
   370 | D        | Engulfed by a cloud of freezing vapour

Illustrated notes

Levels and vault maps discovered:
D:        the_violet_keep_of_menkaure [sprint2_stairs_cluster_1,
          sprint2_shoproom, sprint2_temple, sprint2_basic_supplies,
          sprint2_obstacle_2, sprint2_obstacle_5, sprint2_obstacle_7,
          sprint2_obstacle_6, sprint2_obstacle_1, sprint2_timed_cluster_1,
          sprint2_smallroom_cluster_1, sprint2_smallroom_final_cluster_1,
          sprint2_transparent_cluster_1, sprint2_second_timed_cluster_1,
          sprint2_sniper_area_1, sprint2_heavy_combat_area_1,
          sprint2_mutation_trap_area_1, sprint2_forest_area_1,
          sprint2_light_combat_area_1, sprint2_behind_water_1,
          sprint2_near_end_vault_1]

Skill      XL: |  1  2  3  4  5  6 |
---------------+-------------------+-----
Fighting       | 3 4 5 |  5.6
Short Blades   | 4 5 6 7 |  7.4
Throwing       | 4 5 6 |  6.8
Dodging        | 5 7 8 9 |  9.4
Stealth        | 8 9 10 11 | 11.4

Action                   |  1- 3 |  4- 6 || total
-------------------------+-------+-------++-------
Melee: Dagger            |     1 |    36 ||    37
 Stab: Sleeping          |     1 |     9 ||    10
Dodge: Dodged            |       |    18 ||    18

Table legend: (Time is in decaauts)
 A = Elapsed time spent in this place.
 B = Non-inter-level travel time spent in this place.
 C = Inter-level travel time spent in this place.
 D = Time resting spent in this place.
 E = Time spent auto-exploring this place.
 F = Levels seen in this place.
 G = Mean time per level.
                   A        B        C        D        E       F      G
               +--------+--------+--------+--------+--------+-----+--------+
         Total |    336 |    336 |      0 |    243 |      0 |   1 |  336.0 |
       Dungeon |    336 |    336 |      0 |    243 |      0 |   1 |  336.0 |
               +--------+--------+--------+--------+--------+-----+--------+

Top non-repeatable levels by time:
       D: 336 daAuts
